 Dungeon Crawl Stone Soup version 0.28-a0-1182-g381e24db82 (webtiles) character file.

Game seed: 12706397275897102384

7350 Strat the Basher (level 11, -6/100 HPs)
             Began as a Naga Warper on Dec 16, 2021.
             Was a Priest of Elyvilon.
             Mangled by a yak (8 damage)
             ... on level 8 of the Dungeon.
             The game lasted 00:24:13 (12854 turns).

Strat the Basher (Naga Warper)                     Turns: 12854, Time: 00:24:14

Health: -6/100     AC: 15    Str: 24    XL:     11   Next: 13%
Magic:  0/14       EV:  9    Int: 19    God:    Elyvilon [***...]
Gold:   506        SH:  0    Dex: 11    Spells: 2/15 levels left

rFire   . . .      SeeInvis +   a - +4 mace (vorpal)
rCold   . . .      Faith    .   (no shield)
rNeg    . . .      Spirit   +   G - +5 robe of Night {Dark Will+ SInv}
rPois   +          Reflect  .   t - +1 helmet
rElec   .          Harm     .   q - +2 cloak {rPois}
rCorr   .          Rampage  .   (no gloves)
Will    ++...                   (no barding)
Stlth   +.........              C - amulet of guardian spirit
HPRegen 0.26/turn               f - +6 ring of strength
MPRegen 0.14/turn               B - +6 ring of intelligence

@: mighty, very slow
A: AC +3, large, see invisible, deformed body, poison resistance, slowness 2,
spit poison 1, naga tail 1, stinger 1
a: Spit Poison, Renounce Religion, Purification, Heal Other, Heal Self


You were on level 8 of the Dungeon.
You worshipped Elyvilon.
Elyvilon was most pleased with you.
You visited 2 branches of the dungeon, and saw 10 of its levels.

You collected 506 gold pieces.

Inventory:

Hand Weapons
 a - a +4 vorpal mace (weapon)
 b - a +0 hunting sling of venom
 H - a +0 morningstar
 J - a +3 flail
Missiles
 d - 5 boomerangs of dispersal
 e - 274 stones (quivered)
 g - 5 curare-tipped darts
 n - 21 poisoned darts
 o - 34 sling bullets
 p - a throwing net
Armour
 m - +0 swamp dragon scales
 q - a +2 cloak of poison resistance (worn)
 t - a +1 helmet (worn)
 v - +0 steam dragon scales
 G - the +5 robe of Night (worn) {Dark Will+ SInv}
   (You found it on level 8 of the Dungeon)

   It shrouds the wearer in darkness, reducing the range at which they can see
   and be seen by others.
   SInv:      It lets you see invisible.
   Will:      It increases your willpower.
Jewellery
 f - a +6 ring of strength (left hand)
 l - an amulet of magic regeneration
 s - a ring of ice
 y - the ring "Uvimah" {rElec rPois rN++ EV+4 Int-5}
   (You found it on level 9 of the Dungeon)

   [ring of evasion]

   EV:        It affects your evasion (+4).
   Int:       It affects your intelligence (-5).
   rElec:     It insulates you from electricity.
   rPois:     It protects you from poison.
   rN:        It greatly protects you from negative energy.
 B - a +6 ring of intelligence (right hand)
 C - an amulet of guardian spirit (around neck)
Wands
 c - a wand of flame (21)
 A - a wand of iceblast (7)
 F - a wand of digging (7)
Scrolls
 i - a scroll of fog
 k - a scroll of amnesia
 D - a scroll of magic mapping
Potions
 h - a potion of curing
 j - a potion of mutation
 r - 2 potions of flight
 w - a potion of attraction
 x - 2 potions of lignification
 z - a potion of cancellation {unknown}
 E - a potion of might


   Skills:
 + Level 7.4 Fighting
 + Level 13.0 Maces & Flails
 - Level 0.8 Throwing
 - Level 5.8 Armour
 - Level 1.5 Dodging
 + Level 2.6 Spellcasting
 - Level 8.0 Translocations


You had 2 spell levels left.
You knew the following spells:

 Your Spells              Type           Power      Damage    Failure   Level
a - Blink                 Tloc           66%        N/A       1%          2
b - Teleport Other        Tloc           33%        N/A       1%          3
c - Manifold Assault      Tloc           33%        N/A       16%         5
d - Mephitic Cloud        Conj/Pois/Air  2%         N/A       43%         3

Your spell library contained the following spells:

 Spells                   Type           Power      Damage    Failure   Level
 Beastly Appendage        Tmut           4%         N/A       16%         1
 Corpse Rot               Necr/Air       4%         N/A       24%         2
 Ensorcelled Hibernation  Hex/Ice        4%         N/A       24%         2
 Poisonous Vapours        Pois/Air       4%         N/A       24%         2
 Wereblood                Tmut           2%         N/A       24%         2
 Gell's Gravitas          Tloc           33%        N/A       1%          3
 Lesser Beckoning         Tloc           33%        N/A       1%          3
 Ignite Poison            Fire/Tmut/Pois 2%         N/A       43%         3
 Ozocubu's Armour         Ice            2%         N/A       43%         3
 Spider Form              Tmut/Pois      2%         N/A       43%         3
 Stone Arrow              Conj/Erth      4%         3d7       43%         3
 Animate Armour           Summ/Erth      4%         N/A       85%         4
 Summon Ice Beast         Ice/Summ       2%         N/A       85%         4
 Freezing Cloud           Conj/Ice/Air   1%         6-21      99%         5
 Summon Mana Viper        Hex/Summ       2%         N/A       99%         5
 Monstrous Menagerie      Summ           1%         N/A       100%        7
 Lehudib's Crystal Spear  Conj/Erth      1%         10d2      100%        8
 Polar Vortex             Ice            1%         N/A       100%        9


Dungeon Overview and Level Annotations

Branches:
Dungeon (9/15)             Temple (1/1) D:5
   Lair: D:8-11         Orc: D:9-12

Altars:
Ashenzari
Cheibriados
Elyvilon
Fedhas
Gozag
Hepliaklqana
Kikubaaqudgha
Makhleb
Nemelex Xobeh
Qazlal
Ru
Sif Muna
Trog
Uskayaw
Vehumet
Wu Jian
Xom
Yredelemnul
Zin
The Shining One

Shops:
D:7 *

Annotations:
D:8 2 transporters, RancidPinata's ghost, weakling GrDe


Innate Abilities, Weirdness & Mutations

Your serpentine skin is tough. (AC +3)
You have supernaturally acute eyesight. (SInv)
Armour fits poorly on your strangely shaped body.
Your system is resistant to poisons. (rPois)
You cover ground very slowly.
You can spit poison.
You have a snake-like lower body.
Your tail ends in a venomous barb.


Message History

* * * LOW HITPOINT WARNING * * *
You sock the two-headed ogre!
The two-headed ogre is moderately wounded.
You barely miss the two-headed ogre.
The two-headed ogre is moderately wounded.
The two-headed ogre barely misses you.
The two-headed ogre hits you but does no damage.
You thump the two-headed ogre!
The two-headed ogre is heavily wounded.
You hit the two-headed ogre.
The two-headed ogre is severely wounded.
The two-headed ogre completely misses you.
The two-headed ogre hits you with a +0 giant spiked club!!
* * * LOW HITPOINT WARNING * * *
You hit the two-headed ogre.
The two-headed ogre is severely wounded.
You have got your breath back.
The two-headed ogre hits you with a +0 giant club!
* * * LOW HITPOINT WARNING * * *
The two-headed ogre hits you with a +0 giant spiked club!
* * * LOW HITPOINT WARNING * * *
You sock the two-headed ogre!
You kill the two-headed ogre!
Your life force feels restored.
Your Maces & Flails skill increases to level 13!
You thump the yak!
The yak is moderately wounded.
The yak gores you.
* * * LOW HITPOINT WARNING * * *
You thump the yak!
The yak is heavily wounded.
The yak barely misses you. The yak gores you! Elyvilon protects you from harm!
There is an open door, spattered with blood here.
Things that are here:
a +0 giant club; a +0 giant spiked club; a two-headed ogre corpse You barely miss the yak.
The yak is heavily wounded.
The yak gores you!
You die...

#.#### ##.....## #.#### #.##.##
##.......## #..##
###.#...####.........####...##
...........+.........'.......##
###.#...####.........###......#
###.##.### ##.......## ##..##.#
.........# ###.....## #####.#
.##.####.# #....Y.## #.# .#...#
#.# #.###@######## #.#
.#...###.###.###Y.......# #.#
.#...#.............####.# #.#
.###........©.......###.#####.#
........#########...#.........#
.###...##8.....8##....#.#######
.# #...#KZ.......#..###.# .#
#...#.##...##.#..###.# .#
##..#.##...##.#......#


You could see 2 yaks.

Vanquished Creatures
  A two-headed ogre (D:8)
  Maggie (D:8)
  Prince Ribbit (D:5)
  6 dream sheep (D:8)
  2 shadows (D:8)
  2 wraiths
  2 steam dragons (D:6)
  3 water moccasins
  2 sky beasts (D:6)
  2 black bears
  2 necrophages
  3 ogres
  A centaur (D:9)
  A kobold brigand (D:6)
  4 bullfrogs
  A gnoll sergeant (D:7)
  A water moccasin skeleton (D:7)
  5 wights (D:9)
  4 killer bees (D:9)
  4 howler monkeys (D:8)
  A centaur zombie (D:6)
  4 orc priests
  4 hounds
  A gnoll shaman (D:7)
  A bullfrog skeleton (D:6)
  7 iguanas
  Crazy Yiuf (D:5)
  4 orc wizards
  A hound zombie (D:5)
  A howler monkey skeleton (D:5)
  11 gnolls
  7 adders
  3 river rats (D:4)
  2 shadow imps
  2 white imps
  2 ufetubi (D:5)
  16 orcs
  7 bats
  4 endoplasms
  6 giant cockroaches
  11 goblins
  12 hobgoblins
  2 jackals (D:4)
  2 quokkas
  9 ball pythons
  3 frilled lizards
  9 kobolds
  13 rats
194 creatures vanquished.

Vanquished Creatures (others)
  An orc wizard (D:3)
1 creature vanquished.

Grand Total: 195 creatures vanquished

Notes
Turn   | Place    | Note
-------+----------+-------------------------------------------
     0 | D:1      | Strat the Naga Warper began the quest for the Orb.
     0 | D:1      | Reached XP level 1. HP: 19/19 MP: 3/3
   143 | D:1      | Reached XP level 2. HP: 13/26 MP: 5/5
   310 | D:1      | Learned a level 2 spell: Blink
   459 | D:1      | Reached skill level 3 in Maces & Flails
  1122 | D:1      | Reached XP level 3. HP: 30/32 MP: 6/6
  1213 | D:1      | Learned a level 3 spell: Teleport Other
  2012 | D:2      | Reached XP level 4. HP: 32/39 MP: 7/7
  2220 | D:3      | Found a shimmering altar of Xom.
  2672 | D:3      | Reached skill level 4 in Maces & Flails
  3213 | D:3      | Found a faded altar of an unknown god.
  3254 | D:3      | Gained mutation: Your tail ends in a venomous barb. [potion
                  | of mutation]
  3255 | D:3      | Reached XP level 5. HP: 11/45 MP: 8/8
  3560 | D:3      | Reached skill level 5 in Maces & Flails
  3996 | D:4      | Found a glowing golden altar of the Shining One.
  3999 | D:4      | Found a snail-covered altar of Cheibriados.
  4027 | D:4      | Reached XP level 6. HP: 43/55 MP: 9/9
  5816 | D:5      | Entered Level 5 of the Dungeon
  5867 | D:5      | Found a staircase to the Ecumenical Temple.
  5874 | Temple   | Entered the Ecumenical Temple
  6049 | Temple   | Became a worshipper of Elyvilon the Healer
  6119 | D:5      | Reached XP level 7. HP: 51/63 MP: 10/10
  6121 | D:5      | Reached skill level 6 in Maces & Flails
  6229 | D:5      | Noticed Prince Ribbit
  6265 | D:5      | Killed Prince Ribbit
  6266 | D:5      | Reached skill level 7 in Maces & Flails
  6578 | D:5      | Reached XP level 8. HP: 65/72 MP: 11/11
  6617 | D:5      | Learned a level 5 spell: Manifold Assault
  6739 | D:5      | Reached skill level 8 in Maces & Flails
  7143 | D:5      | You fall into a shaft and drop 3 floors!
  7324 | D:8      | Noticed a wraith
  7325 | D:8      | Killed a wraith
  7326 | D:8      | Reached skill level 9 in Maces & Flails
  7339 | D:8      | Reached skill level 11 in Maces & Flails
  7339 | D:8      | Reached skill level 5 in Armour
  7339 | D:8      | Reached XP level 9. HP: 78/78 MP: 12/12
  7549 | D:8      | Reached * piety under Elyvilon
  7829 | D:8      | Noticed a troll
  7830 | D:8      | Noticed a five-headed hydra
  7831 | D:8      | Found a transporter.
  7832 | D:8      | Found a transporter.
  7832 | D:8      | Noticed RancidPinata's ghost (weakling GrDe)
  7832 | D:8      | Noticed a cyclops
  8321 | D:6      | Reached skill level 5 in Fighting
  8321 | D:6      | Reached XP level 10. HP: 84/88 MP: 11/13
  8672 | D:6      | Reached skill level 12 in Maces & Flails
  9094 | D:6      | Reached ** piety under Elyvilon
  9302 | D:6      | Found a shimmering blue altar of Sif Muna.
 10320 | D:5      | Learned a level 3 spell: Mephitic Cloud
 10336 | D:5      | Found a runed translucent door.
 10337 | D:5      | Noticed Crazy Yiuf
 10546 | D:5      | Killed Crazy Yiuf
 10697 | D:7      | Found Siudghok's Gadget Gallery.
 11472 | D:8      | Got Niof's Incunabulum of the Frostbite
 11743 | D:8      | Reached *** piety under Elyvilon
 11774 | D:8      | Noticed Maggie
 11784 | D:8      | Killed Maggie
 12205 | D:8      | Found the +5 robe of Night {Dark Will+ SInv}
 12481 | D:9      | Reached XP level 11. HP: 94/100 MP: 7/14
 12802 | D:9      | Identified the ring "Uvimah" {rElec rPois rN++ EV+4 Int-5}
 12815 | D:9      | Noticed a two-headed ogre
 12849 | D:8      | HP: 2/99 [two-headed ogre (6)]
 12850 | D:8      | Killed a two-headed ogre
 12851 | D:8      | Reached skill level 13 in Maces & Flails
 12853 | D:8      | Elyvilon protects you from harm!
 12854 | D:8      | Mangled by a yak

Illustrated notes

Levels and vault maps discovered:
D:1:      dpeg_arrival_more_subterranean_lakeside_camping, layout_rooms
D:2:      layout_basic
D:3:      layout_loops_ring, nicolae_overflow_crystal_walls,
          basic_ecumenical_altar, minmay_misc_feat_alley,
          minmay_stone_trees_medium
D:4:      layout_loops_cross, nicolae_overflow_hidden_temple,
          portal_sewer_entry_b
D:5:      layout_loops_corners, minmay_temple_entry_metal_lava,
          kennysheep_opposing_triangles, uniq_crazy_yiuf_cottage,
          uniq_prince_ribbit1
D:6:      layout_loops_corners, mainiacjoe_overflow_cross_hatched
D:7:      layout_loops_cross, nicolae_shop_gadgets
D:8:      layout_loops_corners, gammafunk_ghost_arena,
          minmay_misc_feat_ornament, hellmonk_guarded_unrand_night, uniq_maggie
D:9:      layout_cross, david_orc_5, blue_anna_alchemist
Temple:   nicolae_temple_elliptical

Skill      XL: |  1  2  3  4  5  6  7  8  9 10 11 |
---------------+----------------------------------+-----
Maces & Flails | 3 4 5 7 11 12 13 | 13.0
Translocations | 4 8 |  8.0
Fighting       | 3 4 5 7 |  7.4
Armour         | 5 |  5.8
Throwing       | |  0.8
Dodging        | |  1.5
Spellcasting   | |  2.6

Action                   |  1- 3 |  4- 6 |  7- 9 | 10-12 || total
-------------------------+-------+-------+-------+-------++-------
Melee: Mace              |    69 |   115 |   117 |   254 ||   555
 Fire: Hunting sling     |    13 |    29 |       |       ||    42
 Cast: Manifold Assault  |       |       |       |     4 ||     4
       Blink             |       |       |       |     1 ||     1
 Abil: Spit Poison       |    43 |    18 |    11 |    10 ||    82
Evoke: Wand              |       |     5 |     3 |     3 ||    11
  Use: Potion            |       |     2 |     5 |     2 ||     9
       Scroll            |       |     1 |    13 |     8 ||    22
Armor: Leather armour    |    32 |    28 |    24 |    26 ||   110
       Steam dragon scal |       |       |       |    33 ||    33
       Robe              |       |       |       |    40 ||    40
Dodge: Dodged            |    66 |    69 |    57 |   105 ||   297

Table legend: (Time is in decaauts)
 A = Elapsed time spent in this place.
 B = Non-inter-level travel time spent in this place.
 C = Inter-level travel time spent in this place.
 D = Time resting spent in this place.
 E = Time spent auto-exploring this place.
 F = Levels seen in this place.
 G = Mean time per level.
                   A        B        C        D        E       F      G
               +--------+--------+--------+--------+--------+-----+--------+
         Total |  15462 |  14854 |    608 |   3308 |   8776 |  10 | 1546.2 |
       Dungeon |  15197 |  14632 |    565 |   3308 |   8577 |   9 | 1688.6 |
        Temple |    264 |    221 |     43 |      0 |    198 |   1 |  264.0 |
               +--------+--------+--------+--------+--------+-----+--------+

Top non-repeatable levels by time:
     D:3: 2282 daAuts
     D:8: 2260 daAuts
     D:5: 2206 daAuts
     D:4: 2064 daAuts
     D:6: 1915 daAuts
     D:1: 1476 daAuts
     D:7: 1284 daAuts
     D:2: 1112 daAuts
     D:9: 595 daAuts
  Temple: 264 daAuts
